 Dungeon Crawl Stone Soup version 0.29.1-12-g30fa7ad0bf (webtiles) character file.

Game seed: 14928835462422341267

494 wormed the Covert (level 7, -3/60 HPs)
             Began as a Gnoll Delver on Dec 28, 2022.
             Succumbed to an orc wizard's poison
             ... on level 4 of the Dungeon.
             The game lasted 00:09:08 (5643 turns).

wormed the Covert (Gnoll Delver)                    Turns: 5643, Time: 00:09:10

Health: -3/60      AC:  9    Str: 11    XL:     7   Next: 15%
Magic:  10/10      EV:  6    Int:  9    God:
Gold:   274        SH:  0    Dex: 16    Spells: 10/10 levels left

rFire   . . .      SeeInvis .   a - +0 falchion
rCold   . . .      Faith    .   (no shield)
rNeg    . . .      Spirit   .   p - +0 chain mail
rPois   .          Reflect  .   m - +0 helmet
rElec   .          Harm     .   (no cloak)
rCorr   .          Rampage  .   (no gloves)
Will    .....                   (no boots)
Stlth   +.........              (no amulet)
HPRegen 0.20/turn               (no ring)
MPRegen 0.12/turn               (no ring)

@: lethally poisoned (-3 -> -27)
A: fangs 1, strong nose, distributed training
a: no special abilities


You were on level 4 of the Dungeon.
You visited 1 branch of the dungeon, and saw 5 of its levels.

You collected 274 gold pieces.

Inventory:

Hand Weapons
 a - a +0 falchion (weapon)
Armour
 m - a +0 helmet (worn)
 o - a +0 kite shield
 p - a +0 chain mail (worn)
Magical Staves
 l - a staff of fire
Wands
 e - a wand of flame (23) (quivered)
 g - a wand of digging (3)
 t - a wand of acid (7)
 u - a wand of roots (12)
Scrolls
 c - a scroll of fog
 i - a scroll of silence {unknown}
 j - 5 scrolls of identify {unknown}
 k - 6 scrolls of teleportation {unknown}
 q - a scroll of amnesia {unknown}
 r - 2 scrolls of blinking {unknown}
Potions
 d - a potion of curing {unknown}
 f - 2 potions of haste
 n - a potion of ambrosia {unknown}
 s - a potion of degeneration {unknown}


   Skills:
 + Level 7.0 Fighting
 + Level 2.4 Short Blades
 + Level 5.2 Long Blades
 + Level 2.4 Axes
 + Level 2.4 Maces & Flails
 + Level 2.4 Polearms
 + Level 2.4 Staves
 + Level 2.4 Ranged Weapons
 + Level 2.4 Throwing
 + Level 2.4 Armour
 + Level 5.2 Dodging
 + Level 9.9 Stealth
 + Level 2.4 Shields
 + Level 2.4 Unarmed Combat
 + Level 2.4 Spellcasting
 + Level 2.0 Conjurations
 + Level 2.0 Hexes
 + Level 2.0 Summonings
 + Level 2.0 Necromancy
 + Level 2.0 Translocations
 + Level 2.0 Transmutations
 + Level 2.0 Fire Magic
 + Level 2.0 Ice Magic
 + Level 2.0 Air Magic
 + Level 2.0 Earth Magic
 + Level 2.0 Poison Magic
 + Level 2.6 Invocations
 + Level 2.4 Evocations


You had 10 spell levels left.
You didn't know any spells.
Your spell library contained the following spells:

 Spells                   Type           Power      Damage    Failure   Level
 Freeze                   Ice            16%        1d4       100%        1
 Sandblast                Erth           8%         2d5       100%        1
 Passwall                 Tmut/Erth      3%         N/A       100%        2
 Frozen Ramparts          Ice            8%         1d2       100%        3
 Stone Arrow              Conj/Erth      8%         3d7       100%        3
 Hailstorm                Conj/Ice       4%         3d4       100%        4


Dungeon Overview and Level Annotations

Branches:
Dungeon (5/15)
 Temple: D:4-7

Altars:
Gozag
Yredelemnul


Innate Abilities, Weirdness & Mutations

You have very sharp teeth.
Your uncanny sense of smell can sniff out nearby items.
Your experience applies equally to all skills.


Message History

You are lethally poisoned!
You miss something.
* * * LOW HITPOINT WARNING * * *
You feel extremely sick. Something hits you but does no damage.
You feel much better.
You feel very sick. Something hits you but does no damage.
You are lethally poisoned!
You don't know any spells.
Press: ? - help, v - describe, . - travel An escape hatch in the floor.
Aiming: Throw Flame
Press: ? - help, Q - select action, (/) - cycle Shift-Dir - straight line The puff of flame hits something.
You feel extremely sick.
You hear some strange, mumbled words.
A puff of flame appears from out of thin air!
The puff of flame hits you!
* * * LOW HITPOINT WARNING * * *
Aiming: Throw Flame
Press: ? - help, Q - select action, (/) - cycle Shift-Dir - straight line The puff of flame hits something.
* * * LOW HITPOINT WARNING * * *
You feel very sick. Something hits you.
* * * LOW HITPOINT WARNING * * *
You are more poisoned.
Aiming: Throw Flame
Press: ? - help, Q - select action, (/) - cycle Shift-Dir - straight line
* * * LOW HITPOINT WARNING * * *
You feel extremely sick.
You hear some strange, mumbled words.
Something tries to affect you, but you resist.
Aiming: Throw Flame
Press: ? - help, Q - select action, (/) - cycle Shift-Dir - straight line The puff of flame hits something!
Reactivating autopickup.
You feel a bit more experienced.
You die...

##.## ##..# ##.....## #.
#...## ##...# #.......# ##
.....### ##....# ##.......#
.##....###
#.....###..#....##
###......###....###..##....#
##......#.....##...##...##
## #....##......##..###..##
#. #.....#......#..## #..#
##. ##..........[@..# #.##
##.. #..........>.)## ###
#... ##........###.## ##...
#........# #..#### #....
#.......## ##....#######....
##......# ##...............
#....### #..##############
#....# #.## ###.## ###


There were no monsters in sight!

Vanquished Creatures
  A human (D:3)
  A necrophage (D:4)
  A scorpion (D:4)
  An iguana (D:4)
  2 orc wizards
  5 adders
  6 gnolls
  An ufetubus (D:4)
  A dart slug (D:4)
  9 orcs
  13 ball pythons
  4 endoplasms
  6 goblins
  2 hobgoblins
  5 quokkas
  6 bats
  A frilled lizard (D:2)
  A jackal zombie (D:3)
  3 kobolds
  3 rats
72 creatures vanquished.

Notes
Turn   | Place    | Note
-------+----------+-------------------------------------------
     0 | D:5      | Reached skill level 9 in Stealth
     0 | D:5      | wormed the Gnoll Delver began the quest for the Orb.
     0 | D:5      | Reached XP level 1. HP: 23/23 MP: 1/1
    43 | D:5      | Noticed an orc wizard
   272 | D:3      | Noticed an orc wizard
   365 | D:3      | Found a runed translucent door.
   365 | D:3      | Noticed a human
   577 | D:3      | Found a basalt altar of Yredelemnul.
   653 | D:3      | Reached XP level 2. HP: 27/29 MP: 2/2
  1318 | D:1      | Reached XP level 3. HP: 35/35 MP: 3/3
  1927 | D:2      | Reached skill level 1 in Invocations
  1929 | D:2      | Reached skill level 1 in Short Blades
  1929 | D:2      | Reached skill level 1 in Axes
  1929 | D:2      | Reached skill level 1 in Maces & Flails
  1929 | D:2      | Reached skill level 1 in Polearms
  1929 | D:2      | Reached skill level 1 in Staves
  1929 | D:2      | Reached skill level 1 in Ranged Weapons
  1929 | D:2      | Reached skill level 1 in Throwing
  1929 | D:2      | Reached skill level 1 in Armour
  1929 | D:2      | Reached skill level 1 in Shields
  1929 | D:2      | Reached skill level 1 in Unarmed Combat
  1929 | D:2      | Reached skill level 1 in Spellcasting
  1929 | D:2      | Reached skill level 1 in Evocations
  1935 | D:2      | Reached XP level 4. HP: 22/41 MP: 5/5
  2646 | D:3      | Reached skill level 1 in Conjurations
  2646 | D:3      | Reached skill level 1 in Hexes
  2646 | D:3      | Reached skill level 1 in Summonings
  2646 | D:3      | Reached skill level 1 in Necromancy
  2646 | D:3      | Reached skill level 1 in Translocations
  2646 | D:3      | Reached skill level 1 in Transmutations
  2646 | D:3      | Reached skill level 1 in Fire Magic
  2646 | D:3      | Reached skill level 1 in Ice Magic
  2646 | D:3      | Reached skill level 1 in Air Magic
  2646 | D:3      | Reached skill level 1 in Earth Magic
  2646 | D:3      | Reached skill level 1 in Poison Magic
  3493 | D:3      | Killed a human
  3494 | D:3      | Reached skill level 5 in Long Blades
  3494 | D:3      | Reached skill level 5 in Dodging
  3494 | D:3      | Reached XP level 5. HP: 23/47 MP: 7/7
  3494 | D:3      | Reached XP level 6. HP: 26/53 MP: 8/8
  3886 | D:4      | Found an opulent altar of Gozag.
  4827 | D:4      | Reached XP level 7. HP: 55/60 MP: 10/10
  5642 | D:4      | HP: 3/60 [poisoned by an orc wizard]
  5643 | D:4      | Succumbed to an orc wizard's poison

Illustrated notes

Levels and vault maps discovered:
D:1:      minmay_arrival_shoal_huts, layout_rooms,
          hangedman_decor_diamond_cutter
D:2:      layout_basic
D:3:      layout_basic, dk_yredelemnul_ordeal
D:4:      layout_cave_pods, old_standard_altar
D:5:      layout_loops_cross, good_gods_temple_1, minmay_misc_feat_alley

Skill      XL: |  1  2  3  4  5  6  7 |
---------------+----------------------+-----
Stealth        | |  9.9
Invocations    | 1 2 |  2.6
Short Blades   | 1 2 |  2.4
Axes           | 1 2 |  2.4
Maces & Flails | 1 2 |  2.4
Polearms       | 1 2 |  2.4
Staves         | 1 2 |  2.4
Ranged Weapons | 1 2 |  2.4
Throwing       | 1 2 |  2.4
Armour         | 1 2 |  2.4
Shields        | 1 2 |  2.4
Unarmed Combat | 1 2 |  2.4
Spellcasting   | 1 2 |  2.4
Evocations     | 1 2 |  2.4
Conjurations   | 1 2 |  2.0
Hexes          | 1 2 |  2.0
Summonings     | 1 2 |  2.0
Necromancy     | 1 2 |  2.0
Translocations | 1 2 |  2.0
Transmutations | 1 2 |  2.0
Fire Magic     | 1 2 |  2.0
Ice Magic      | 1 2 |  2.0
Air Magic      | 1 2 |  2.0
Earth Magic    | 1 2 |  2.0
Poison Magic   | 1 2 |  2.0
Long Blades    | 5 |  5.2
Dodging        | 5 |  5.2
Fighting       | 7 |  7.0

Action                   |  1- 3 |  4- 6 |  7- 9 || total
-------------------------+-------+-------+-------++-------
Melee: Falchion          |    66 |   154 |    48 ||   268
       Bite              |     3 |    17 |     7 ||    27
       Punch             |     1 |       |       ||     1
Evoke: Wand              |       |       |     4 ||     4
  Use: Scroll            |     1 |     2 |       ||     3
       Potion            |       |     2 |     3 ||     5
 Stab: Sleeping          |    10 |     1 |       ||    11
Armor: Leather armour    |    12 |       |       ||    12
       Chain mail        |     3 |   120 |    46 ||   169
Dodge: Dodged            |    31 |    38 |    29 ||    98
Block: Kite shield       |     5 |    59 |    19 ||    83
